3AAA
SALT LAKE CITY BUZZ @ AUGUSTA TIMBER HAWKS
08/19/2034
 
TOP OF THE 1ST
Salt Lake City Buzz batting - Pitching for Augusta Timber Hawks : RHP Emil Olsson
Pitching: RHP Emil Olsson
Batting: RHB Germán Espantoso 0-0: Fly out, F9 (Line Drive, 9S)
Batting: LHB Orlando Casillas 0-0: Ground out 3-1 (Groundball, 34)
Batting: RHB Bill Chaundler 0-0: Ball
1-0: Called Strike
1-1: SINGLE (Line Drive, 78M)
Batting: RHB Carlos Muńóz 0-0: Foul Ball, location: 2F
0-1: SINGLE (Groundball, 6D)
Bill Chaundler to second
Batting: RHB Scott Ramsey 0-0: Ball
1-0: Called Strike
1-1: Foul Ball, location: 2F
1-2: SINGLE (Line Drive, 6MD)
Bill Chaundler to third
Carlos Muńóz to second
Batting: RHB Christian Gentry 0-0: Called Strike
0-1: Ball
1-1: Swinging Strike
1-2: Foul Ball, location: 2F
1-2: Strikes out swinging
Top of the 1st over - 0 runs, 3 hits, 0 errors, 3 left on base; Salt Lake City 0 - Augusta 0
BOTTOM OF THE 1ST
Augusta Timber Hawks batting - Pitching for Salt Lake City Buzz : LHP Tony Smehrik
Pitching: LHP Tony Smehrik
Batting: RHB Dave Yates 0-0: Ball
1-0: Swinging Strike
1-1: Called Strike
1-2: Strikes out swinging
Batting: RHB Krystof Melichar 0-0: Ball
1-0: Foul Ball, location: 2F
1-1: Foul Ball, location: 2F
1-2: Ball
2-2: Ball
3-2: Ground out 5-3 (Groundball, 56)
Batting: RHB Norm Chodorow 0-0: Ball
1-0: Fly out, F7 (Line Drive, 7)
Bottom of the 1st over - 0 runs, 0 hits, 0 errors, 0 left on base; Salt Lake City 0 - Augusta 0
TOP OF THE 2ND
Salt Lake City Buzz batting - Pitching for Augusta Timber Hawks : RHP Emil Olsson
Batting: RHB Olaf Esveld 0-0: Ball
1-0: Ball
2-0: Called Strike
2-1: Fly out, F9 (Flyball, 9D)
Batting: RHB Yoichibei Chikafuji 0-0: SINGLE (Groundball, 15) (infield hit)
Pinch Runner at 1st Vicente Cruz:
Batting: RHB Hui-ying Sun 0-0: Called Strike
0-1: Ball
1-1: Ball
2-1: Swinging Strike
2-2: Ball
3-2: Base on Balls
Vicente Cruz to second
Batting: RHB Germán Espantoso 0-0: Grounds into double play, 6-4-3 (Groundball, 6)
Top of the 2nd over - 0 runs, 1 hit, 0 errors, 1 left on base; Salt Lake City 0 - Augusta 0
BOTTOM OF THE 2ND
Augusta Timber Hawks batting - Pitching for Salt Lake City Buzz : LHP Tony Smehrik
Now in RF: Vicente Cruz
Batting: RHB Jesús Recesvinto 0-0: Ball
1-0: Foul Ball, location: 2F
1-1: Swinging Strike
1-2: Ball
2-2: Ball
3-2: Base on Balls
Batting: RHB Uchino Akahito 0-0: Fly out, F9 (Flyball, 9LMF)
Batting: RHB Jaime Cruz 0-0: TRIPLE (Flyball, 9LD)
Jesús Recesvinto scores
Batting: LHB Randy Sallah 0-0: Fly out, F6 (Line Drive, 6)
Batting: LHB Carlos Medellín 0-0: Ball
1-0: Fly out, F3 (Flyball, 3D)
Bottom of the 2nd over - 1 run, 1 hit, 0 errors, 1 left on base; Salt Lake City 0 - Augusta 1
TOP OF THE 3RD
Salt Lake City Buzz batting - Pitching for Augusta Timber Hawks : RHP Emil Olsson
Batting: LHB Orlando Casillas 0-0: Foul Ball, location: 2F
0-1: Ball
1-1: Foul Ball, location: 2F
1-2: Ball
2-2: Ground out U3 (Groundball, 3)
Batting: RHB Bill Chaundler 0-0: Ball
1-0: Foul Ball, location: 2F
1-1: Ball
2-1: Ball
3-1: Base on Balls
Batting: RHB Carlos Muńóz 0-0: Ball
1-0: Fly out, F7 (Flyball, 7D)
Batting: RHB Scott Ramsey 0-0: Ball
1-0: Fly out, F7 (Flyball, 7D)
Top of the 3rd over - 0 runs, 0 hits, 0 errors, 1 left on base; Salt Lake City 0 - Augusta 1
BOTTOM OF THE 3RD
Augusta Timber Hawks batting - Pitching for Salt Lake City Buzz : LHP Tony Smehrik
Batting: LHB José Pérez 0-0: SINGLE (Groundball, 3D)
Batting: RHB Dave Yates 0-0: Ball
1-0: Foul Ball, location: 2F
1-1: Ball
2-1: Fly out, F7 (Line Drive, 78M)
Batting: RHB Krystof Melichar 0-0: DOUBLE (Line Drive, 7LD)
José Pérez to third
Runner from 3rd tries for Home, SAFE, no throw
Batting: RHB Norm Chodorow 0-0: Ground out 4-3 (Groundball, 4D)
Krystof Melichar to third
Batting: RHB Jesús Recesvinto 0-0: Called Strike
0-1: Fly out, F7 (Flyball, 78S)
Bottom of the 3rd over - 1 run, 2 hits, 0 errors, 1 left on base; Salt Lake City 0 - Augusta 2
TOP OF THE 4TH
Salt Lake City Buzz batting - Pitching for Augusta Timber Hawks : RHP Emil Olsson
Batting: RHB Christian Gentry 0-0: Called Strike
0-1: Swinging Strike
0-2: Ball
1-2: Foul Ball, location: 2F
1-2: Ground out 4-3 (Groundball, 4)
Batting: RHB Olaf Esveld 0-0: Called Strike
0-1: Called Strike
0-2: Foul Ball, location: 2F
0-2: SINGLE (Line Drive, 9S)
Batting: RHB Vicente Cruz 0-0: Ball
1-0: Ball
2-0: Ball
3-0: Base on Balls
Olaf Esveld to second
Batting: RHB Hui-ying Sun 0-0: Ball
1-0: Fly out, F8 (Flyball, 8RD)
Batting: RHB Germán Espantoso 0-0: Ball
1-0: Ball
2-0: Called Strike
2-1: Called Strike
2-2: SINGLE (Groundball, 6MD)
Olaf Esveld to third
Vicente Cruz to second
Runner from 3rd tries for Home, SAFE, throw made home
Batting: LHB Orlando Casillas 0-0: 3-RUN HOME RUN (Flyball, 9D), Distance : 383 ft
Batting: RHB Bill Chaundler 0-0: Ball
1-0: Called Strike
1-1: Ball
2-1: Swinging Strike
2-2: Foul Ball, location: 2F
2-2: Foul Ball, location: 2F
2-2: Fly out, F9 (Flyball, 9D)
Top of the 4th over - 4 runs, 3 hits, 0 errors, 0 left on base; Salt Lake City 4 - Augusta 2
BOTTOM OF THE 4TH
Augusta Timber Hawks batting - Pitching for Salt Lake City Buzz : LHP Tony Smehrik
Batting: RHB Uchino Akahito 0-0: Ball
1-0: Called Strike
1-1: Ball
2-1: Ball
3-1: Foul Ball, location: 2F
3-2: Base on Balls
Batting: RHB Jaime Cruz 0-0: SINGLE (Groundball, 34S) (infield hit)
Uchino Akahito to second
Batting: LHB Randy Sallah 0-0: Called Strike
0-1: Swinging Strike
0-2: Ball
1-2: Foul Ball, location: 2F
1-2: Strikes out swinging
Batting: LHB Carlos Medellín 0-0: Ball
1-0: Ball
2-0: Called Strike
2-1: Ball
3-1: Base on Balls
Uchino Akahito to third
Jaime Cruz to second
Batting: LHB José Pérez 0-0: Ball
1-0: Foul Ball, location: 2F
1-1: Foul Ball, location: 2F
1-2: DOUBLE (Line Drive, 8LD)
Uchino Akahito scores
Jaime Cruz scores
Carlos Medellín to third
Batting: RHB Dave Yates 0-0: Foul Ball, location: 2F
0-1: Called Strike
0-2: Ball
1-2: Foul Ball, location: 2F
1-2: Ball
2-2: Ground out U3 (Groundball, 34S)
Carlos Medellín scores
José Pérez to third
Batting: RHB Krystof Melichar 0-0: Called Strike
0-1: Ball
1-1: SINGLE (Line Drive, 6M)
José Pérez scores
Batting: RHB Norm Chodorow 0-0: Called Strike
Krystof Melichar steals 2nd base
0-1: Ball
1-1: Ball
2-1: SINGLE (Groundball, 56D)
Krystof Melichar to third
Runner from 3rd tries for Home, SAFE, no throw
Batting: RHB Jesús Recesvinto 0-0: Ball
Norm Chodorow steals 2nd base
1-0: Ball
2-0: Ball
3-0: Called Strike
3-1: Base on Balls
Batting: RHB Uchino Akahito 0-0: Fielders Choice at 2nd, 6-4 (Groundball, 6)
Bottom of the 4th over - 5 runs, 4 hits, 0 errors, 2 left on base; Salt Lake City 4 - Augusta 7
TOP OF THE 5TH
Salt Lake City Buzz batting - Pitching for Augusta Timber Hawks : RHP Emil Olsson
Batting: RHB Carlos Muńóz 0-0: DOUBLE (Line Drive, 89D)
Batting: RHB Scott Ramsey 0-0: Called Strike
0-1: Ground out 6-3 (Groundball, 6)
Batting: RHB Christian Gentry 0-0: Swinging Strike
0-1: Called Strike
0-2: Ball
1-2: Foul Ball, location: 2F
1-2: Fly out, F3 (Popup, 34S)
Batting: RHB Olaf Esveld 0-0: Called Strike
0-1: Ball
1-1: Fly out, F8 (Line Drive, 8RXD)
Top of the 5th over - 0 runs, 1 hit, 0 errors, 1 left on base; Salt Lake City 4 - Augusta 7
BOTTOM OF THE 5TH
Augusta Timber Hawks batting - Pitching for Salt Lake City Buzz : LHP Tony Smehrik
Batting: RHB Jaime Cruz 0-0: Foul Ball, location: 2F
0-1: Ball
1-1: Called Strike
1-2: Ball
2-2: Ball
3-2: Foul Ball, location: 2F
3-2: Strikes out swinging
Batting: LHB Randy Sallah 0-0: Foul Ball, location: 2F
0-1: Ball
1-1: Foul Ball, location: 2F
1-2: Ground out 4-3 (Groundball, 4)
Batting: LHB Carlos Medellín 0-0: Ball
1-0: Called Strike
1-1: Fly out, F9 (Flyball, 9)
Bottom of the 5th over - 0 runs, 0 hits, 0 errors, 0 left on base; Salt Lake City 4 - Augusta 7
TOP OF THE 6TH
Salt Lake City Buzz batting - Pitching for Augusta Timber Hawks : RHP Emil Olsson
Batting: RHB Vicente Cruz 0-0: Ball
1-0: Ball
2-0: Foul Ball, location: 2F
2-1: Foul Ball, location: 2F
2-2: DOUBLE (Line Drive, 9LM)
Batting: RHB Hui-ying Sun 0-0: Ball
1-0: Ball
2-0: Ball
3-0: Called Strike
3-1: Called Strike
3-2: SINGLE (Flyball, 89M)
Vicente Cruz to third
Runner from 3rd tries for Home, SAFE, throw made home
Pitching: RHP Georg von Trapp
Batting: RHB Germán Espantoso 0-0: Ball
1-0: Ball
2-0: Fly out, F7 (Flyball, 78S)
Batting: LHB Orlando Casillas 0-0: Ball
1-0: Called Strike
1-1: Ball
2-1: Swinging Strike
2-2: Ball
3-2: Base on Balls
Hui-ying Sun to second
Batting: RHB Bill Chaundler 0-0: Fly out, F7 (Flyball, 7S)
Pitching: RHP Sixto Soto
Batting: RHB Carlos Muńóz 0-0: Called Strike
0-1: Foul Ball, location: 2F
0-2: Ball
1-2: Ball
2-2: Foul Ball, location: 2F
2-2: Fly out, F8 (Flyball, 8RD)
Top of the 6th over - 1 run, 2 hits, 0 errors, 2 left on base; Salt Lake City 5 - Augusta 7
BOTTOM OF THE 6TH
Augusta Timber Hawks batting - Pitching for Salt Lake City Buzz : LHP Tony Smehrik
Pitching: LHP Arthur Clough
Batting: LHB José Pérez 0-0: Foul Ball, location: 2F
0-1: Fly out, F8 (Flyball, 8LD)
Batting: RHB Dave Yates 0-0: Ball
1-0: Ball
2-0: Ball
3-0: Called Strike
3-1: Called Strike
3-2: Strikes out swinging
Batting: RHB Krystof Melichar 0-0: Ground out 5-3 (Groundball, 5)
Bottom of the 6th over - 0 runs, 0 hits, 0 errors, 0 left on base; Salt Lake City 5 - Augusta 7
TOP OF THE 7TH
Salt Lake City Buzz batting - Pitching for Augusta Timber Hawks : RHP Sixto Soto
Batting: RHB Scott Ramsey 0-0: Called Strike
0-1: Called Strike
0-2: Strikes out swinging
Batting: RHB Christian Gentry 0-0: Called Strike
0-1: Swinging Strike
0-2: Ball
1-2: Fly out, F5 (Popup, 5SF)
Batting: RHB Olaf Esveld 0-0: Ball
1-0: Foul Ball, location: 2F
1-1: Ball
2-1: Ball
3-1: Fly out, F7 (Flyball, 7D)
Top of the 7th over - 0 runs, 0 hits, 0 errors, 0 left on base; Salt Lake City 5 - Augusta 7
BOTTOM OF THE 7TH
Augusta Timber Hawks batting - Pitching for Salt Lake City Buzz : LHP Arthur Clough
Batting: RHB Norm Chodorow 0-0: Fly out, F4 (Flyball, 34D)
Batting: RHB Jesús Recesvinto 0-0: Called Strike
0-1: Fly out, F3 (Popup, 3S)
Batting: RHB Uchino Akahito 0-0: Ball
1-0: Foul Ball, location: 2F
1-1: Ball
2-1: Swinging Strike
2-2: Ball
3-2: Ground out 5-3 (Groundball, 56)
Bottom of the 7th over - 0 runs, 0 hits, 0 errors, 0 left on base; Salt Lake City 5 - Augusta 7
TOP OF THE 8TH
Salt Lake City Buzz batting - Pitching for Augusta Timber Hawks : RHP Sixto Soto
Now in RF: Damian Delaney
Batting: RHB Vicente Cruz 0-0: Ball
1-0: Ball
2-0: Ball
3-0: Base on Balls
Batting: RHB Hui-ying Sun 0-0: Called Strike
0-1: Ball
1-1: Ball
2-1: Ball
3-1: Base on Balls
Vicente Cruz to second
Pitching: RHP Tate Beason
Batting: RHB Germán Espantoso 0-0: Bunted foul
0-1: Sac Bunt - play at first, batter OUT! 2-4
Vicente Cruz to third
Hui-ying Sun to second
Batting: LHB Orlando Casillas 0-0: Fly out, F7 (Flyball, 7)
Batting: RHB Bill Chaundler 0-0: Ball
1-0: Ball
2-0: Swinging Strike
2-1: Called Strike
2-2: Strikes out swinging
Top of the 8th over - 0 runs, 0 hits, 0 errors, 2 left on base; Salt Lake City 5 - Augusta 7
BOTTOM OF THE 8TH
Augusta Timber Hawks batting - Pitching for Salt Lake City Buzz : LHP Arthur Clough
Batting: RHB Jaime Cruz 0-0: Fly out, F9 (Flyball, 89S)
Batting: LHB Randy Sallah 0-0: Called Strike
0-1: Fly out, F5 (Popup, 5SF)
Pitching: LHP Andrew Holloway
Batting: LHB Carlos Medellín 0-0: Called Strike
0-1: Called Strike
0-2: Strikes out swinging
Bottom of the 8th over - 0 runs, 0 hits, 0 errors, 0 left on base; Salt Lake City 5 - Augusta 7
TOP OF THE 9TH
Salt Lake City Buzz batting - Pitching for Augusta Timber Hawks : RHP Tate Beason
Pitching: RHP Gus Osborne
Batting: RHB Carlos Muńóz 0-0: Swinging Strike
0-1: Called Strike
0-2: Foul Ball, location: 2F
0-2: Strikes out swinging
Batting: RHB Scott Ramsey 0-0: Ball
1-0: Ball
2-0: Ball
3-0: Base on Balls
Batting: RHB Christian Gentry 0-0: Called Strike
0-1: Ball
1-1: Called Strike
1-2: Strikes out looking
Batting: RHB Olaf Esveld 0-0: Ball
1-0: Called Strike
1-1: Ball
2-1: Foul Ball, location: 2F
2-2: Strikes out swinging
Top of the 9th over - 0 runs, 0 hits, 0 errors, 1 left on base; Salt Lake City 5 - Augusta 7
Friday, March 29th, 2019 - OOTP Baseball 18.8 Build 76